GCL
BOSTON (GCL) RED SOX @ PHILADELPHIA (GCL) PHILLIES
09/01/2099
 
TOP OF THE 1ST
Boston (GCL) Red Sox batting - Pitching for Philadelphia (GCL) Phillies : LHP Luis Acosta
Pitching: LHP Luis Acosta
Batting: RHB Joel Bothun 0-0: Ball
1-0: Ball
2-0: Foul Ball, location: 5F
2-1: Foul Ball, location: 9LSFF
2-2: Ground out 4-3 (Groundball, 4, EV 85.6 MPH)
Batting: RHB Silvério Lorme 0-0: Swinging Strike
0-1: Called Strike
0-2: Ball
1-2: Strikes out swinging
Batting: SHB Jason Keating 0-0: Swinging Strike
0-1: Swinging Strike
0-2: Strikes out swinging
Top of the 1st over - 0 runs, 0 hits, 0 errors, 0 left on base; Boston (GCL) 0 - Philadelphia (GCL) 0
BOTTOM OF THE 1ST
Philadelphia (GCL) Phillies batting - Pitching for Boston (GCL) Red Sox : RHP Leo Alderete
Pitching: RHP Leo Alderete
Batting: RHB Jose Cossio 0-0: Ball
1-0: Ground out 5-3 (Groundball, 56S, EV 69.4 MPH)
Batting: RHB Jason Tuberville 0-0: Ball
1-0: Called Strike
1-1: Ball
2-1: SINGLE (Groundball, 4MD, EV 101.3 MPH)
Batting: RHB Bryan Kauffman 0-0: Ball
1-0: Called Strike
1-1: 2-RUN HOME RUN (Flyball, 9D, EV 91.3 MPH), Distance : 345 ft
Batting: RHB Kory Niette 0-0: Swinging Strike
0-1: Ground out 6-3 (Groundball, 6, EV 87.5 MPH)
Batting: RHB Sergio Juarez 0-0: Foul Ball, location: 3FF
0-1: Ground out 4-3 (Groundball, 4, EV 82.5 MPH)
Bottom of the 1st over - 2 runs, 2 hits, 0 errors, 0 left on base; Boston (GCL) 0 - Philadelphia (GCL) 2
TOP OF THE 2ND
Boston (GCL) Red Sox batting - Pitching for Philadelphia (GCL) Phillies : LHP Luis Acosta
Batting: RHB Dennis Brunell 0-0: Ball
1-0: Swinging Strike
1-1: Foul Ball, location: 5F
1-2: Strikes out swinging
Batting: RHB Matt Borkholder 0-0: Foul Ball, location: 9LDF
0-1: SINGLE (Groundball, 34D, EV 103.8 MPH)
Batting: RHB Shiro Ikeda 0-0: Ball
1-0: Ball
2-0: Fly out, F8 (Flyball, 8LD, EV 102.5 MPH)
Batting: RHB Chris Holmes 0-0: Called Strike
0-1: Ball
1-1: Foul Ball, location: 7LSF
1-2: Ball
2-2: TRIPLE (Flyball, 7D, EV 92.5 MPH)
Matt Borkholder scores
Batting: LHB Rico Flores 0-0: DOUBLE (Flyball, 78D, EV 96.3 MPH)
Chris Holmes scores
Batting: RHB Jesus Camano 0-0: Called Strike
0-1: Ground out 4-3 (Groundball, 4D, EV 98.8 MPH)
Top of the 2nd over - 2 runs, 3 hits, 0 errors, 1 left on base; Boston (GCL) 2 - Philadelphia (GCL) 2
BOTTOM OF THE 2ND
Philadelphia (GCL) Phillies batting - Pitching for Boston (GCL) Red Sox : RHP Leo Alderete
Batting: RHB Steve Dixon 0-0: Ground out U3 (Groundball, 34S, EV 88.8 MPH)
Batting: LHB Jesus Saenz 0-0: Fly out, F9 (Flyball, 89S, EV 98.8 MPH)
Batting: RHB Sal Torres 0-0: Ball
1-0: Ball
2-0: Called Strike
2-1: Foul Ball, location: 2F
2-2: Strikes out swinging
Bottom of the 2nd over - 0 runs, 0 hits, 0 errors, 0 left on base; Boston (GCL) 2 - Philadelphia (GCL) 2
TOP OF THE 3RD
Boston (GCL) Red Sox batting - Pitching for Philadelphia (GCL) Phillies : LHP Luis Acosta
Batting: RHB Joel Bothun 0-0: Called Strike
0-1: SINGLE (Groundball, 6, EV 79.4 MPH)
Batting: RHB Silvério Lorme 0-0: Called Strike
0-1: Ball
1-1: Called Strike
1-2: Grounds into double play, 5-4-3 (Groundball, 56S, EV 85.6 MPH)
Batting: SHB Jason Keating 0-0: Ball
1-0: Ball
2-0: Called Strike
2-1: Fly out, F8 (Flyball, 8RD, EV 106.9 MPH)
Top of the 3rd over - 0 runs, 1 hit, 0 errors, 0 left on base; Boston (GCL) 2 - Philadelphia (GCL) 2
BOTTOM OF THE 3RD
Philadelphia (GCL) Phillies batting - Pitching for Boston (GCL) Red Sox : RHP Leo Alderete
Batting: RHB Fernando Avila 0-0: Ball
1-0: Ball
2-0: Fly out, F9 (Flyball, 89S, EV 86.9 MPH)
Batting: RHB Jose Cossio 0-0: Called Strike
0-1: Called Strike
0-2: Fly out, F8 (Flyball, 8LD, EV 107.5 MPH)
Batting: RHB Jason Tuberville 0-0: Foul Ball, location: 2F
0-1: Ball
1-1: Called Strike
1-2: Foul Ball, location: 3F
1-2: Strikes out swinging
Bottom of the 3rd over - 0 runs, 0 hits, 0 errors, 0 left on base; Boston (GCL) 2 - Philadelphia (GCL) 2
TOP OF THE 4TH
Boston (GCL) Red Sox batting - Pitching for Philadelphia (GCL) Phillies : LHP Luis Acosta
Batting: RHB Dennis Brunell 0-0: Foul Ball, location: 9LSF
0-1: Ball
1-1: Swinging Strike
1-2: Ball
2-2: Ball
3-2: Strikes out looking
Batting: RHB Matt Borkholder 0-0: Called Strike
0-1: Ball
1-1: Called Strike
1-2: Ball
2-2: Ball
3-2: Base on Balls
Batting: RHB Shiro Ikeda 0-0: Called Strike
0-1: Ball
1-1: Foul Ball, location: 9LSF
1-2: Strikes out swinging
Batting: RHB Chris Holmes 0-0: Ground out 5-3 (Groundball, 56S, EV 67.5 MPH)
Top of the 4th over - 0 runs, 0 hits, 0 errors, 1 left on base; Boston (GCL) 2 - Philadelphia (GCL) 2
BOTTOM OF THE 4TH
Philadelphia (GCL) Phillies batting - Pitching for Boston (GCL) Red Sox : RHP Leo Alderete
Batting: RHB Bryan Kauffman 0-0: Ground out 6-3 (Groundball, 6, EV 101.9 MPH)
Batting: RHB Kory Niette 0-0: SINGLE (Line Drive, 56D, EV 100.6 MPH)
Batting: RHB Sergio Juarez 0-0: Called Strike
0-1: Called Strike
0-2: Grounds into double play, 4-6-3 (Groundball, 4, EV 101.3 MPH)
Bottom of the 4th over - 0 runs, 1 hit, 0 errors, 0 left on base; Boston (GCL) 2 - Philadelphia (GCL) 2
TOP OF THE 5TH
Boston (GCL) Red Sox batting - Pitching for Philadelphia (GCL) Phillies : LHP Luis Acosta
Batting: LHB Rico Flores 0-0: Foul Ball, location: 7LMF
0-1: Ball
1-1: Foul Ball, location: 25FF
1-2: Strikes out looking
Batting: RHB Jesus Camano 0-0: Fly out, F7 (Flyball, 7LM, EV 94.4 MPH)
Batting: RHB Joel Bothun 0-0: Ball
1-0: Ball
2-0: Called Strike
2-1: Swinging Strike
2-2: Strikes out swinging
Top of the 5th over - 0 runs, 0 hits, 0 errors, 0 left on base; Boston (GCL) 2 - Philadelphia (GCL) 2
BOTTOM OF THE 5TH
Philadelphia (GCL) Phillies batting - Pitching for Boston (GCL) Red Sox : RHP Leo Alderete
Batting: RHB Steve Dixon 0-0: Ball
1-0: Called Strike
1-1: Ground out 6-3 (Groundball, 6, EV 85.0 MPH)
Batting: LHB Jesus Saenz 0-0: Ground out 4-3 (Groundball, 34D, EV 89.4 MPH)
Batting: RHB Sal Torres 0-0: Ball
1-0: Ball
2-0: Called Strike
2-1: Foul Ball, location: 23F
2-2: SINGLE (Groundball, 25, EV 77.5 MPH) (infield hit)
Batting: RHB Fernando Avila 0-0: Ball
1-0: Called Strike
Sal Torres steals 2nd base
1-1: Ball
2-1: Called Strike
2-2: Foul Ball, location: 2F
2-2: Foul Ball, location: 2F
2-2: Ball
3-2: Foul Ball, location: 2F
3-2: Foul Ball, location: 2F
3-2: Fly out, F8 (Flyball, 89D, EV 109.4 MPH)
Bottom of the 5th over - 0 runs, 1 hit, 0 errors, 1 left on base; Boston (GCL) 2 - Philadelphia (GCL) 2
TOP OF THE 6TH
Boston (GCL) Red Sox batting - Pitching for Philadelphia (GCL) Phillies : LHP Luis Acosta
Batting: RHB Silvério Lorme 0-0: Ball
1-0: Ball
2-0: Called Strike
2-1: SINGLE (Groundball, 6MD, EV 95.6 MPH)
Batting: SHB Jason Keating 0-0: Fly out, F8 (Flyball, 8RD, EV 104.4 MPH)
Batting: RHB Dennis Brunell 0-0: Ball
1-0: Called Strike
1-1: Swinging Strike
1-2: Foul Ball, location: 2F
1-2: Ball
2-2: Foul Ball, location: 23F
2-2: Foul Ball, location: 25F
2-2: Foul Ball, location: 9LSF
2-2: Ball
3-2: Base on Balls
Silvério Lorme to second
Batting: RHB Matt Borkholder 0-0: Ball
Wild Pitch!
Silvério Lorme to third
Dennis Brunell to second
1-0: Ground out 6-3 (Groundball, 6, EV 76.9 MPH)
Silvério Lorme scores
Pitching: RHP Kevin Vercher
Batting: RHB Shiro Ikeda 0-0: Ball
1-0: Ball
2-0: Called Strike
2-1: Foul Ball, location: 23FF
2-2: Fly out, F4 (Popup, 34, EV 58.8 MPH)
Top of the 6th over - 1 run, 1 hit, 0 errors, 1 left on base; Boston (GCL) 3 - Philadelphia (GCL) 2
BOTTOM OF THE 6TH
Philadelphia (GCL) Phillies batting - Pitching for Boston (GCL) Red Sox : RHP Leo Alderete
Pitching: RHP Jim Howe
Pinch Hitting: RHB Juan Cruz 0-0: Ball
1-0: Ball
2-0: Swinging Strike
2-1: Ball
3-1: Called Strike
3-2: Strikes out swinging
Pinch Hitting: RHB Terry Jackson 0-0: Called Strike
0-1: Ball
1-1: Ball
2-1: Ground out 4-3 (Groundball, 4, EV 89.4 MPH)
Batting: RHB Bryan Kauffman 0-0: Ball
1-0: Called Strike
1-1: Ground out 5-3 (Groundball, 56S, EV 92.5 MPH)
Bottom of the 6th over - 0 runs, 0 hits, 0 errors, 0 left on base; Boston (GCL) 3 - Philadelphia (GCL) 2
TOP OF THE 7TH
Boston (GCL) Red Sox batting - Pitching for Philadelphia (GCL) Phillies : RHP Kevin Vercher
Now at 3B: Sal Torres
Now at SS: Jose Rosales
Now in CF: Juan Cruz
Batting: RHB Chris Holmes 0-0: Foul Ball, location: 9LMF
0-1: Ball
1-1: Ball
2-1: Called Strike
2-2: Foul Ball, location: 2F
2-2: Ground out 6-3 (Groundball, 6, EV 67.5 MPH)
Batting: LHB Rico Flores 0-0: Foul Ball, location: 2RF
0-1: Ball
1-1: SINGLE (Flyball, 78S, EV 96.3 MPH)
Batting: RHB Jesus Camano 0-0: Ground out 6-3 (Groundball, 56, EV 101.9 MPH)
Rico Flores to second
Batting: RHB Joel Bothun 0-0: Ball
1-0: SINGLE (Flyball, 4MD, EV 93.8 MPH)
Rico Flores to third
Runner from 3rd tries for Home, SAFE, throw by CF to home
Batting: RHB Silvério Lorme 0-0: Fly out, F3 (Popup, 34S, EV 75.6 MPH)
Top of the 7th over - 1 run, 2 hits, 0 errors, 1 left on base; Boston (GCL) 4 - Philadelphia (GCL) 2
BOTTOM OF THE 7TH
Philadelphia (GCL) Phillies batting - Pitching for Boston (GCL) Red Sox : RHP Jim Howe
Pitching: RHP Pedro Jimenez
Batting: RHB Kory Niette 0-0: Called Strike
0-1: Ball
1-1: Ball
2-1: Foul Ball, location: 9LMF
2-2: Ball
3-2: Base on Balls
Pinch Hitting: RHB Danny Hammerschmidt 0-0: Fly out, F7 (Flyball, 7, EV 89.4 MPH)
Batting: RHB Steve Dixon 0-0: Ball
1-0: Grounds into double play, 5-4-3 (Groundball, 56, EV 83.8 MPH)
Bottom of the 7th over - 0 runs, 0 hits, 0 errors, 0 left on base; Boston (GCL) 4 - Philadelphia (GCL) 2
TOP OF THE 8TH
Boston (GCL) Red Sox batting - Pitching for Philadelphia (GCL) Phillies : RHP Kevin Vercher
Now in LF: Kevin Mizerak
Pinch Hitting: RHB Leo Lopez 0-0: Called Strike
0-1: Called Strike
0-2: Ball
1-2: Foul Ball, location: 2F
1-2: Ball
2-2: Fly out, F4 (Popup, 23, EV 87.5 MPH)
Batting: RHB Dennis Brunell 0-0: Called Strike
0-1: Ball
1-1: Ground out 6-3 (Groundball, 6, EV 85.0 MPH)
Batting: RHB Matt Borkholder 0-0: Foul Ball, location: 2F
0-1: Ball
1-1: Ball
2-1: Ball
3-1: Foul Ball, location: 9LSF
3-2: Foul Ball, location: 3F
3-2: Foul Ball, location: 2F
3-2: Base on Balls
Pitching: LHP John Woolridge
Batting: RHB Shiro Ikeda 0-0: Ball
1-0: DOUBLE (Line Drive, 9LS, EV 94.4 MPH)
Matt Borkholder to third
Batting: RHB Chris Holmes 0-0: Called Strike
0-1: Swinging Strike
0-2: Strikes out swinging
Top of the 8th over - 0 runs, 1 hit, 0 errors, 2 left on base; Boston (GCL) 4 - Philadelphia (GCL) 2
BOTTOM OF THE 8TH
Philadelphia (GCL) Phillies batting - Pitching for Boston (GCL) Red Sox : RHP Pedro Jimenez
Now at 3B: Ricky Hurtado
Batting: LHB Jesus Saenz 0-0: Ball
1-0: Called Strike
1-1: Fly out, F7 (Flyball, 7LD, EV 98.8 MPH)
Pinch Hitting: LHB Jose Ortiz 0-0: Ball
1-0: Ball
2-0: Called Strike
2-1: Foul Ball, location: 5F
2-2: DOUBLE (Flyball, 78D, EV 98.8 MPH)
Pinch Hitting: LHB Matt Nordhagen 0-0: Called Strike
0-1: Ball
1-1: Ball
2-1: Ball
3-1: Base on Balls
Batting: RHB Juan Cruz 0-0: Ball
1-0: Ball
2-0: Called Strike
2-1: Foul Ball, location: 2F
2-2: Fly out, F3 (Popup, 3DF, EV 67.5 MPH)
Pinch Hitting: LHB Steve Dukich 0-0: Ground out 1-3 (Groundball, 13S, EV 73.1 MPH)
Bottom of the 8th over - 0 runs, 1 hit, 0 errors, 2 left on base; Boston (GCL) 4 - Philadelphia (GCL) 2
TOP OF THE 9TH
Boston (GCL) Red Sox batting - Pitching for Philadelphia (GCL) Phillies : LHP John Woolridge
Now at 2B: Josh Ray
Now at 3B: Mike Rivera
Now at SS: Herb Duerksen
Pinch Hitting: RHB Carlos Aguilar 0-0: Swinging Strike
0-1: Called Strike
0-2: Strikes out swinging
Batting: RHB Jesus Aguilar 0-0: Ball
1-0: Foul Ball, location: 3FF
1-1: Ball
2-1: Swinging Strike
2-2: Ground out 4-3 (Groundball, 4M, EV 102.5 MPH)
Batting: RHB Joel Bothun 0-0: Ball
1-0: Ball
2-0: Called Strike
2-1: Foul Ball, location: 9LSF
2-2: Ground out 5-3 (Groundball, 5S, EV 85.6 MPH)
Top of the 9th over - 0 runs, 0 hits, 0 errors, 0 left on base; Boston (GCL) 4 - Philadelphia (GCL) 2
BOTTOM OF THE 9TH
Philadelphia (GCL) Phillies batting - Pitching for Boston (GCL) Red Sox : RHP Pedro Jimenez
Pitching: LHP Erick Aguirre
Now at 2B: David Salcido
Batting: RHB Bryan Kauffman 0-0: SINGLE (Line Drive, 6D, EV 103.8 MPH)
Batting: RHB Kory Niette 0-0: Called Strike
0-1: Ball
1-1: DOUBLE (Line Drive, 7LM, EV 96.9 MPH)
Bryan Kauffman to third
Pinch Hitting: RHB Hector Marroquin 0-0: Called Strike
0-1: Swinging Strike
0-2: Foul Ball, location: 9LMF
0-2: Foul Ball, location: 2F
0-2: Ball
1-2: SINGLE (Groundball, 6M, EV 90.0 MPH) (infield hit)
Bryan Kauffman scores
Kory Niette to third
Pinch Hitting: RHB Joe Jean 0-0: SINGLE (Line Drive, 78S, EV 97.5 MPH)
Kory Niette scores
Hector Marroquin to second
Pinch Hitting: RHB Alex Tinoco 0-0: Ball
Wild Pitch!
Hector Marroquin to third
Joe Jean to second
1-0: Called Strike
1-1: Called Strike
1-2: Strikes out looking
Batting: SHB Josh Ray 0-0: Intentional Walk
Pinch Hitting: LHB Alex Barreras 0-0: Grounds into fielders choice 6-2 (Groundball, P, EV 88.1 MPH)
Joe Jean to third
Josh Ray to second
Batting: RHB Juan Cruz 0-0: Ball
1-0: Ground out 4-3 (Groundball, 4MS, EV 83.1 MPH)
Bottom of the 9th over - 2 runs, 4 hits, 0 errors, 3 left on base; Boston (GCL) 4 - Philadelphia (GCL) 4
TOP OF THE 10TH
Boston (GCL) Red Sox batting - Pitching for Philadelphia (GCL) Phillies : LHP John Woolridge
Joel Bothun starts the inning at 2nd base.
Now at C: Aaron Williams
Now at SS: Fred Anthony
Now in LF: Juan Cruz
Now in CF: Angelo Navarrete
Now in RF: Dave Smythe
Batting: RHB Silvério Lorme 0-0: Intentional Walk
Pinch Hitting: LHB Wil Valenzuela 0-0: Ball
1-0: SINGLE (Groundball, 34S, EV 65.6 MPH) (infield hit)
Joel Bothun to third
Silvério Lorme to second
Batting: RHB Dennis Brunell 0-0: Fly out, F9 (Flyball, 89D, EV 101.9 MPH)
Runner from 3rd tags up, OUT at HOME! 9-2
Silvério Lorme to third
Wil Valenzuela to second
Batting: RHB Matt Borkholder 0-0: Intentional Walk
Pitching: RHP Corey Lutz
Batting: RHB Shiro Ikeda 0-0: Ball
1-0: Ball
2-0: Called Strike
2-1: Ball
3-1: Swinging Strike
3-2: Strikes out looking
Top of the 10th over - 0 runs, 1 hit, 0 errors, 3 left on base; Boston (GCL) 4 - Philadelphia (GCL) 4
BOTTOM OF THE 10TH
Philadelphia (GCL) Phillies batting - Pitching for Boston (GCL) Red Sox : LHP Erick Aguirre
Juan Cruz starts the inning at 2nd base.
Now at 3B: Danny Barriga
Pinch Hitting: SHB Jason Riggs 0-0: Called Strike
0-1: Ball
1-1: Bunt missed!
1-2: Fly out, F4 (Popup, 4MD, EV 30.6 MPH)
Batting: RHB Bryan Kauffman 0-0: Intentional Walk
Batting: RHB Kory Niette 0-0: Ball
1-0: Foul Ball, location: 7LMF
1-1: Swinging Strike
1-2: Ball
2-2: Ball
3-2: Foul Ball, location: 2F
3-2: 3-RUN HOME RUN (Flyball, 78XD, EV 110.0 MPH), Distance : 410 ft
Bottom of the 10th over - 3 runs, 1 hit, 0 errors, 0 left on base; Boston (GCL) 4 - Philadelphia (GCL) 7
Tuesday, May 14th , 2024 - OOTP Baseball 24.11 Build 85